 Dungeon Crawl Stone Soup version 0.30-a0-321-gf7783e6616 (webtiles) character file.

Game seed: 8293925201890961505

936 Jorund the Arsonist (level 8, -1/60 HPs)
             Began as a Gnoll Wanderer on Oct 26, 2022.
             Slain by an ice beast (7 damage)
             ... on level 5 of the Dungeon.
             The game lasted 00:10:03 (4610 turns).

Jorund the Arsonist (Gnoll Wanderer)                Turns: 4610, Time: 00:10:03

Health: -1/60      AC:  5    Str: 12    XL:     8   Next: 12%
Magic:  14/14      EV: 13    Int: 11    God:
Gold:   103        SH:  0    Dex: 14    Spells: 14/15 levels left

rFire   + . .      SeeInvis +    a - +2 spear (freeze)
rCold   . . .      Faith    .    (no shield)
rNeg    . . .      Spirit   .    c - +0 leather armour
rPois   .          Reflect  .    (no helmet)
rElec   .          Harm     .    (no cloak)
rCorr   .          Rampage  .    t - +1 pair of gloves
Will    .....                    (no boots)
Stlth   ++........               (no amulet)
HPRegen 0.30/turn                j - ring of see invisible
MPRegen 0.14/turn                x - ring of protection from fire

@: no status effects
A: fangs 1, strong nose, distributed training
a: no special abilities


You were on level 5 of the Dungeon.
You visited 1 branch of the dungeon, and saw 5 of its levels.
You also visited: Sewer.

You collected 264 gold pieces.
You spent 161 gold pieces at shops.

Inventory:

Hand Weapons
 a - a +2 spear of freezing (weapon)
Missiles
 s - 2 boomerangs of dispersal
Armour
 c - a +0 leather armour (worn)
 i - the +1 leather armour of Philately {Str+3 SInv}
   (You bought it in a shop on level 1 of the Dungeon)

   Str:       It affects your strength (+3).
   SInv:      It lets you see invisible.
 t - a +1 pair of gloves (worn)
Jewellery
 j - a ring of see invisible (left hand)
 n - a ring of magical power
 x - a ring of protection from fire (right hand)
Wands
 y - a wand of flame (27)
Scrolls
 d - 3 scrolls of summoning {unknown}
 m - a scroll of silence
 o - 2 scrolls of teleportation
 u - a scroll of acquirement {unknown}
 v - 2 scrolls of magic mapping
 w - a scroll of fog {unknown}
Potions
 b - a potion of might
 e - a potion of resistance {unknown}
 f - 4 potions of magic
 g - 2 potions of degeneration {unknown}
 h - 2 potions of curing {unknown}
 k - a potion of brilliance {unknown}
 l - 3 potions of heal wounds {unknown}
 p - a potion of cancellation {unknown}
 q - a potion of flight {unknown}
 r - 2 potions of invisibility {unknown}


   Skills:
 + Level 4.1 Fighting
 + Level 3.1 Short Blades
 + Level 3.1 Long Blades
 + Level 3.1 Axes
 + Level 3.1 Maces & Flails
 + Level 4.1 Polearms
 + Level 3.1 Staves
 + Level 3.1 Ranged Weapons
 + Level 4.1 Throwing
 + Level 3.1 Armour
 + Level 4.1 Dodging
 + Level 3.1 Stealth
 + Level 3.1 Shields
 + Level 3.1 Unarmed Combat
 + Level 4.2 Spellcasting
 + Level 2.5 Conjurations
 + Level 2.5 Hexes
 + Level 2.5 Summonings
 + Level 2.5 Necromancy
 + Level 2.5 Translocations
 + Level 2.5 Transmutations
 + Level 9.1 Fire Magic
 + Level 2.5 Ice Magic
 + Level 2.5 Air Magic
 + Level 2.5 Earth Magic
 + Level 2.5 Poison Magic
 + Level 3.4 Invocations
 + Level 3.1 Evocations


You had 14 spell levels left.
You knew the following spells:

 Your Spells              Type           Power      Damage    Failure   Level
a - Foxfire               Conj/Fire      60%        2x1d7     2%          1

Your spell library contained the following spells:

 Spells                   Type           Power      Damage    Failure   Level
 Magic Dart               Conj           28%        1d4       11%         1
 Ignite Poison            Fire/Tmut/Pois 12%        N/A       13%         3
 Kindle Blastsparks       Fire/Tloc/Air  24%        2d12      13%         3
 Call Imp                 Summ           7%         N/A       16%         2
 Sublimation of Blood     Necr           7%         N/A       16%         2
 Mephitic Cloud           Conj/Pois/Air  7%         N/A       30%         3
 Petrify                  Tmut/Erth      7%         N/A       71%         4
 Irradiate                Conj/Tmut      3%         3d12      96%         5


Dungeon Overview and Level Annotations

Branches:
Dungeon (5/15)              Sewer (visited)
 Temple: D:4-7

Altars:
Okawaru
Wu Jian
Xom

Shops:
D:1 [   D:3 :

Annotations:
D:4 3 runed translucent doors, Shaulor's ghost, amateur OpFi


Innate Abilities, Weirdness & Mutations

You have very sharp teeth.
Your uncanny sense of smell can sniff out nearby items.
Your experience applies equally to all skills.


Message History

You hit the ice beast.
The ice beast is almost dead.
Unknown command.
You hit the ice beast but do no damage.
The ice beast is almost dead.
The ice beast closely misses you.
Unknown command.
You barely miss the ice beast.
You bite the ice beast, but do no damage.
The ice beast is almost dead.
The ice beast hits you. The ice beast freezes you!
* * * LOW HITPOINT WARNING * * *
Unknown command.
Okay, then.
You hit the ice beast but do no damage.
The ice beast is almost dead.
The ice beast hits you but does no damage.
Unknown command.
You hit the ice beast but do no damage. Your bite misses the ice beast.
The ice beast is almost dead.
The ice beast barely misses you.
Unknown command.
You hit the ice beast but do no damage.
The ice beast is almost dead.
The ice beast hits you but does no damage.
Unknown command.
You hit the ice beast.
The ice beast is almost dead.
The ice beast barely misses you.
You closely miss the ice beast.
You punch the ice beast, but do no damage.
You bite the ice beast, but do no damage.
The ice beast is almost dead.
The ice beast barely misses you.
You closely miss the ice beast. Your bite misses the ice beast.
The ice beast is almost dead.
The ice beast hits you.
* * * LOW HITPOINT WARNING * * *
The ice beast freezes you!
You die...

........#
........# ###
........# #..
........# #.# ∆
........### #.#
..........###.#
......###.....###
# .######
#####...##.#####
..# ##..@Y......
..# #..#..####.
..# ##..#....
..##### ##.####.#
....... .# #
..##### .. ..#
.## ..# .. ..#


You could see an ice beast.

Vanquished Creatures
  Sigmund (D:2)
  A black bear (D:4)
  Pargi (Sewer)
  A phantom (D:5)
  A necrophage (D:4)
  2 jellies
  3 orc priests (D:3)
  3 hounds (D:4)
  An iguana (D:4)
  Ijyb (D:4)
  An orc wizard (D:4)
  4 adders
  An ufetubus (D:4)
  5 worms
  6 dart slugs
  8 orcs
  6 endoplasms
  2 giant cockroaches
  8 goblins
  7 hobgoblins
  5 quokkas
  15 ball pythons
  3 bats
  8 frilled lizards
  6 kobolds
  7 rats
107 creatures vanquished.

Vanquished Creatures (collateral kills)
  2 foxfires (D:1)
2 creatures vanquished.

Vanquished Creatures (others)
  148 foxfires
148 creatures vanquished.

Grand Total: 257 creatures vanquished

Notes
Turn   | Place    | Note
-------+----------+-------------------------------------------
     0 | D:1      | Jorund the Gnoll Wanderer began the quest for the Orb.
     0 | D:1      | Jorund set off with the following items: a +1 spear, a
                  | potion of might, a +0 leather armour; and the following
                  | spell memorised: Foxfire; and the following spells
                  | available to memorise: Ignite Poison, Kindle Blastsparks.
     0 | D:1      | Reached XP level 1. HP: 17/17 MP: 4/4
   166 | D:1      | Reached XP level 2. HP: 23/23 MP: 5/5
   367 | D:1      | Found Higon's Antique Armour Shop.
   567 | D:1      | Reached XP level 3. HP: 28/28 MP: 7/7
   740 | D:2      | Reached skill level 1 in Invocations
   834 | D:2      | Reached skill level 1 in Short Blades
   834 | D:2      | Reached skill level 1 in Long Blades
   834 | D:2      | Reached skill level 1 in Axes
   834 | D:2      | Reached skill level 1 in Maces & Flails
   834 | D:2      | Reached skill level 1 in Staves
   834 | D:2      | Reached skill level 1 in Ranged Weapons
   834 | D:2      | Reached skill level 1 in Armour
   834 | D:2      | Reached skill level 1 in Stealth
   834 | D:2      | Reached skill level 1 in Shields
   834 | D:2      | Reached skill level 1 in Unarmed Combat
   834 | D:2      | Reached skill level 1 in Evocations
   967 | D:2      | Reached XP level 4. HP: 27/34 MP: 4/8
  1309 | D:2      | Noticed Sigmund
  1321 | D:2      | Killed Sigmund
  1322 | D:2      | Reached skill level 1 in Conjurations
  1322 | D:2      | Reached skill level 1 in Hexes
  1322 | D:2      | Reached skill level 1 in Summonings
  1322 | D:2      | Reached skill level 1 in Necromancy
  1322 | D:2      | Reached skill level 1 in Translocations
  1322 | D:2      | Reached skill level 1 in Transmutations
  1322 | D:2      | Reached skill level 1 in Ice Magic
  1322 | D:2      | Reached skill level 1 in Air Magic
  1322 | D:2      | Reached skill level 1 in Earth Magic
  1322 | D:2      | Reached skill level 1 in Poison Magic
  1322 | D:2      | Reached XP level 5. HP: 35/41 MP: 3/10
  1819 | D:3      | Reached XP level 6. HP: 47/47 MP: 11/11
  1913 | D:3      | Found Janod's Book Shop.
  2091 | D:3      | Found a shimmering altar of Xom.
  3048 | D:1      | Bought a polished leather armour for 161 gold pieces
  3048 | D:1      | Identified the +1 leather armour of Philately {Str+3 SInv}
                  | (You bought it in a shop on level 1 of the Dungeon)
  3147 | D:4      | Reached skill level 9 in Fire Magic
  3279 | D:4      | Reached XP level 7. HP: 52/52 MP: 8/12
  3394 | D:4      | Found an iron altar of Okawaru.
  3436 | D:4      | Found a runed translucent gate.
  3437 | D:4      | Found a runed translucent gate.
  3438 | D:4      | Found a runed translucent gate.
  3439 | D:4      | Noticed Shaulor's ghost (amateur OpFi)
  3500 | D:4      | Found a glowing drain.
  3521 | Sewer    | Entered a sewer
  3593 | Sewer    | Noticed Pargi
  3599 | Sewer    | Killed Pargi
  3853 | D:4      | Found an ornate altar of the Wu Jian Council.
  4015 | D:4      | Noticed Ijyb
  4039 | D:4      | Killed Ijyb
  4450 | D:5      | Entered Level 5 of the Dungeon
  4465 | D:5      | Reached XP level 8. HP: 57/58 MP: 14/14
  4610 | D:5      | Slain by an ice beast

Illustrated notes

Levels and vault maps discovered:
D:1:      lightli_arrival_isolated_outpost, layout_basic, serial_shops,
          nicolae_shop_window_shopping, minivault_5, serial_bayou_ford_a,
          dreamdust_princess_bridge
D:2:      layout_basic, grunt_ministairs_12, uniq_sigmund
D:3:      layout_basic, mainiacjoe_overflow_boulevard, serial_shops, shop,
          supply_closet_lemuel
D:4:      layout_loops_ring, kennysheep_okawaru_gauntlet,
          mainiacjoe_overflow_small_starburst, cheibrodos_sewer_entry_bend,
          gammafunk_ghost_necromancy, uniq_ijyb
D:5:      layout_rooms, uniq_grinder

Skill      XL: |  1  2  3  4  5  6  7 |
---------------+----------------------+-----
Invocations    | 1 2 3 |  3.4
Short Blades   | 1 2 3 |  3.1
Long Blades    | 1 2 3 |  3.1
Axes           | 1 2 3 |  3.1
Maces & Flails | 1 2 3 |  3.1
Staves         | 1 2 3 |  3.1
Ranged Weapons | 1 2 3 |  3.1
Armour         | 1 2 3 |  3.1
Stealth        | 1 2 3 |  3.1
Shields        | 1 2 3 |  3.1
Unarmed Combat | 1 2 3 |  3.1
Evocations     | 1 2 3 |  3.1
Spellcasting   | 3 4 |  4.2
Fighting       | 3 4 |  4.1
Polearms       | 3 4 |  4.1
Throwing       | 3 4 |  4.1
Dodging        | 3 4 |  4.1
Conjurations   | 1 2 |  2.5
Hexes          | 1 2 |  2.5
Summonings     | 1 2 |  2.5
Necromancy     | 1 2 |  2.5
Translocations | 1 2 |  2.5
Transmutations | 1 2 |  2.5
Ice Magic      | 1 2 |  2.5
Air Magic      | 1 2 |  2.5
Earth Magic    | 1 2 |  2.5
Poison Magic   | 1 2 |  2.5
Fire Magic     | 9 |  9.1

Action                   |  1- 3 |  4- 6 |  7- 9 || total
-------------------------+-------+-------+-------++-------
Melee: Spear             |    63 |    99 |   167 ||   329
       Bite              |     5 |     8 |    17 ||    30
       Punch             |     1 |     4 |     5 ||    10
 Cast: Foxfire           |    25 |    46 |    17 ||    88
  Use: Scroll            |       |     8 |     1 ||     9
       Potion            |       |       |     1 ||     1
 Stab: Sleeping          |     1 |     6 |     2 ||     9
Armor: Leather armour    |    14 |    17 |    38 ||    69
Dodge: Dodged            |    30 |    52 |   107 ||   189

Table legend: (Time is in decaauts)
 A = Elapsed time spent in this place.
 B = Non-inter-level travel time spent in this place.
 C = Inter-level travel time spent in this place.
 D = Time resting spent in this place.
 E = Time spent auto-exploring this place.
 F = Levels seen in this place.
 G = Mean time per level.
                   A        B        C        D        E       F      G
               +--------+--------+--------+--------+--------+-----+--------+
         Total |   4632 |   4447 |    185 |    360 |   3136 |   6 |  772.0 |
       Dungeon |   4409 |   4224 |    185 |    360 |   2985 |   5 |  881.8 |
         Sewer |    223 |    223 |      0 |      0 |    150 |   1 |  223.0 |
               +--------+--------+--------+--------+--------+-----+--------+

Top non-repeatable levels by time:
     D:3: 1328 daAuts
     D:4: 1143 daAuts
     D:2: 1023 daAuts
     D:1: 761 daAuts
   Sewer: 223 daAuts
     D:5: 152 daAuts
